 Dungeon Crawl Stone Soup version 0.26-a0-252-gb32a1a6195 (webtiles) character file.

Game seed: 17095872133923695632

233 BritishOli the Ducker (level 5, -1/41 HPs)
             Began as a Demonspawn Gladiator on July 9, 2020.
             Killed by divine providence
             ... invoked by an orc priest
              (10 damage)
             ... on level 4 of the Dungeon.
             The game lasted 00:01:54 (2782 turns).

BritishOli the Ducker (Demonspawn Gladiator)        Turns: 2782, Time: 00:01:55

Health: -1/41      AC:  7    Str: 21    XL:     5   Next: 74%
Magic:  5/5        EV: 13    Int:  9    God:
Gold:   230        SH:  0    Dex: 15    Spells: 4/4 levels left

rFire    . . .     SeeInvis .   a - +0 long sword
rCold    . . .     Faith    .   (no shield)
rNeg     . . .     Spirit   .   b - +0 leather armour
rPois    .         Reflect  .   c - +0 helmet
rElec    .         Harm     .   i - +0 cloak
rCorr    .                      (no gloves)
MR       .....                  (no boots)
Stlth    +.........             (no amulet)
HPRegen  0.13/turn              q - +6 ring of strength
MPRegen  0.09/turn              (no ring)

@: drained
A: claws 1, thin metallic scales 1
a: no special abilities


You were on level 4 of the Dungeon.
You were not hungry.

You visited 1 branch of the dungeon, and saw 4 of its levels.

You collected 230 gold pieces.

Inventory:

Hand Weapons
 a - a +0 long sword (weapon)
Missiles
 d - 3 throwing nets (quivered)
Armour
 b - a +0 leather armour (worn)
 c - a +0 helmet (worn)
 i - a +0 cloak (worn)
Jewellery
 q - a +6 ring of strength (left claw)
Wands
 t - a wand of enslavement (5)
Scrolls
 e - 3 scrolls of teleportation {unknown}
 j - a scroll of blinking {unknown}
 k - a scroll of enchant armour {unknown}
 o - a scroll of noise {unknown}
 p - 2 scrolls of identify {unknown}
Potions
 g - 3 potions of might {unknown}
 h - a potion of berserk rage {unknown}
 l - a potion of ambrosia {unknown}
 m - 2 potions of brilliance {unknown}
 n - a potion of curing {unknown}
 r - 2 potions of stabbing {unknown}
 s - a potion of lignification {unknown}
Comestibles
 f - 8 rations


   Skills:
 + Level 3.2(2.4) Fighting
 + Level 3.5(2.8) Long Blades
 + Level 2.9(2.2) Throwing
 + Level 2.1(1.4) Armour
 + Level 3.5(2.8) Dodging


You had 4 spell levels left.
You didn't know any spells.
Your spell library was empty.

Dungeon Overview and Level Annotations

Branches:
Dungeon (4/15)
 Temple: D:4-7

Altars:
Ashenzari
Elyvilon
Gozag
Ru
The Shining One


Innate Abilities, Weirdness & Mutations

You have sharp fingernails.
You are partially covered in thin metallic scales. (AC +2)


Message History

The orc priest mumbles some strange prayers to Beogh against you.
Beogh smites you!
* * * LOW HITPOINT WARNING * * *
Unknown command.
You are too injured to fight recklessly!
Unknown command.
You are too injured to fight recklessly!
You barely miss the orc priest.
The orc priest is lightly wounded.
The orc priest hits you but does no damage.
You barely miss the orc priest.
The orc priest is lightly wounded.
The orc priest invokes the aid of Beogh against you.
Pain shoots through your body!
* * * LOW HITPOINT WARNING * * *
You barely miss the orc priest.
The orc priest is lightly wounded.
The orc priest calls down the wrath of Beogh upon you.
Beogh smites you!
You die...

#.# ##.## ...##...#
..#....# #.....# # .
#....## #.. ...
##.....## #....
.....#......)#......
.......<....@[......
........#....o..#.##
........#.#.....#
.#......###.....(..
........# ###......#
...###### ####..#
..# #.# .. .#


You could see an orc priest.

Vanquished Creatures
  An ice beast (D:3)
  Ijyb (D:3)
  3 adders
  An ooze (D:1)
  A worm (D:2)
  A dart slug (D:1)
  3 leopard geckos
  4 orcs
  9 bats
  6 giant cockroaches
  10 goblins
  6 hobgoblins
  3 jackals (D:1)
  5 kobolds
  3 quokkas
  A ball python (D:3)
  5 frilled lizards
  10 rats
73 creatures vanquished.

Vanquished Creatures (others)
  3 toadstools (D:3)
3 creatures vanquished.

Grand Total: 76 creatures vanquished

Notes
Turn   | Place    | Note
-------+----------+-------------------------------------------
     0 | D:1      | BritishOli the Demonspawn Gladiator began the quest for the
                  | Orb.
     0 | D:1      | Reached XP level 1. HP: 16/16 MP: 1/1
   117 | D:1      | Gained mutation: You are partially covered in thin metallic
                  | scales. (AC +2) [demonic ancestry]
   117 | D:1      | Reached XP level 2. HP: 22/22 MP: 2/2
   779 | D:1      | Reached XP level 3. HP: 28/28 MP: 3/3
   859 | D:2      | Found a white marble altar of Elyvilon.
   928 | D:2      | Reached skill level 1 in Armour
  1579 | D:2      | Gained mutation: You have sharp fingernails. [demonic
                  | ancestry]
  1579 | D:2      | Reached XP level 4. HP: 33/34 MP: 4/4
  1825 | D:3      | Found a faded altar of an unknown god.
  1825 | D:3      | Found an opulent altar of Gozag.
  1843 | D:3      | Found a shattered altar of Ashenzari.
  1845 | D:3      | Found a faded altar of an unknown god.
  1847 | D:3      | Found a sacrificial altar of Ru.
  2225 | D:3      | Noticed an ice beast
  2243 | D:3      | Killed an ice beast
  2243 | D:3      | Reached XP level 5. HP: 41/41 MP: 5/5
  2281 | D:3      | Noticed Ijyb
  2301 | D:3      | Killed Ijyb
  2533 | D:3      | Found a glowing golden altar of the Shining One.
  2782 | D:4      | Killed from afar by an orc priest

Illustrated notes

Levels and vault maps discovered:
D:1:      evilmike_arrival_fibonacci_small, layout_basic
D:2:      layout_loops_cross, lemuel_crystal_altar, first_ration
D:3:      lemuel_upstairs_altar, layout_loops_ring,
          chequers_temple_overflow_minitemple, st_stairs_6, glass_columns_a,
          minmay_gold_behind_fungi, minmay_misc_feat_rugged,
          nicolae_tso_carved_into_rock, uniq_ijyb
D:4:      layout_cave_pools, grunt_temple_overflow_order_and_chaos_1,
          kiku_gazebo_garden_becter, grunt_ministairs_11, minmay_quantized,
          uniq_eustachio, uniq_edmund

Skill      XL: |  1  2  3  4 |
---------------+-------------+-----
Throwing       | 2 |  2.9
Dodging        | 3 |  3.5
Long Blades    | 3 |  3.5
Armour         | 1 2 |  2.1
Fighting       | 3 |  3.2

Action                   |  1- 3 |  4- 6 || total
-------------------------+-------+-------++-------
Melee: Long sword        |   110 |    99 ||   209
 Stab: Sleeping          |       |     2 ||     2
  Eat: Ration            |     1 |     1 ||     2
Armor: Leather armour    |    36 |    39 ||    75
Dodge: Dodged            |    86 |    80 ||   166
       Rpst.: Long sword |    22 |    23 ||    45

Table legend:
 A = Non-vault XP
 B = Vault XP
 C = Vault XP percentage of total XP
 D = Non-vault monster count
 E = Vault monster count
 F = Vault count percentage of total count
                 A         B        C        D         E       F
            +---------+---------+-------+---------+---------+-------
      Total |     295 |      38 |  11.4 |      71 |       2 |   2.7
            +---------+---------+-------+---------+---------+-------
        D:1 |      41 |       0 |   0.0 |      18 |       0 |   0.0
        D:2 |      74 |       0 |   0.0 |      30 |       0 |   0.0
        D:3 |     174 |      38 |  17.9 |      21 |       2 |   8.7
        D:4 |       6 |       0 |   0.0 |       2 |       0 |   0.0
            +---------+---------+-------+---------+---------+-------
